 Dungeon Crawl Stone Soup version 0.25-a0-294-gea9b1ad (webtiles) character file.

Game seed: 5442955678333394868, levelgen mode: deterministic

16 MrTaco21 the Skirmisher (level 2, 0/27 HPs)
             Began as a Minotaur Fighter on Dec 16, 2019.
             Slain by a kobold
             ... wielding a +0 short sword
              (3 damage)
             ... on level 1 of the Dungeon.
             The game lasted 00:01:16 (536 turns).

MrTaco21 the Skirmisher (Minotaur Fighter)           Turns: 536, Time: 00:01:17

Health: 0/27       AC:  7    Str: 20    XL:     2   Next: 37%
Magic:  1/1        EV:  7    Int:  5    God:
Gold:   56         SH:  9    Dex:  9    Spells: 1/1 levels left

rFire    . . .     SeeInvis .   a - +0 trident
rCold    . . .     Gourm    .   c - +0 shield
rNeg     . . .     Faith    .   b - +0 scale mail
rPois    .         Spirit   .   (helmet restricted)
rElec    .         Reflect  .   (no cloak)
rCorr    .         Harm     .   (no gloves)
MR       .....                  (no boots)
Stlth    ..........             (no amulet)
HPRegen  0.09/turn              (no ring)
MPRegen  0.07/turn              (no ring)

@: no status effects
A: retaliatory headbutt, horns 2
a: no special abilities


You were on level 1 of the Dungeon.
You were not hungry.

You visited 1 branch of the dungeon, and saw 1 of its levels.

You collected 56 gold pieces.

Inventory:

Hand Weapons
 a - a +0 trident (weapon)
Missiles
 k - 2 throwing nets (quivered) {!f}
Armour
 b - a +0 scale mail (worn)
 c - a +0 shield (worn)
Scrolls
 f - a scroll of random uselessness {unknown}
 i - a scroll of immolation {unknown}
Potions
 d - a potion of might
 g - a potion of mutation {unknown}
 h - a potion of flight {unknown}
Comestibles
 e - a ration {!d}
 j - 4 chunks of flesh


   Skills:
 + Level 3.9 Fighting
 + Level 2.8 Polearms
 + Level 3.9 Armour
 + Level 3.9 Shields


You had one spell level left.
You didn't know any spells.
Your spell library was empty.

Dungeon Overview and Level Annotations

Branches:
Dungeon (1/15)

Altars:


Innate Abilities, Weirdness & Mutations

You reflexively headbutt those who attack you in melee.
You have a pair of horns on your head.


Message History

You block the kobold's attack. You block the hobgoblin's attack.
Unknown command.
You block the hobgoblin's attack. The kobold closely misses you.
The hobgoblin hits you with a +0 club.
* * * LOW HITPOINT WARNING * * *
You block the hobgoblin's attack. The kobold hits you but does no damage.
The hobgoblin hits you but does no damage.
Unknown command.
The hobgoblin closely misses you. The kobold hits you but does no damage.
Unknown command.
The hobgoblin hits you but does no damage.
You block the kobold's attack.
The hobgoblin hits you but does no damage.
Unknown command.
You block the hobgoblin's attack. The kobold closely misses you.
You furiously retaliate!
You headbutt the kobold, but do no damage.
You block the hobgoblin's attack.
Unknown command.
The hobgoblin hits you with a +0 club.
* * * LOW HITPOINT WARNING * * *
The kobold hits you with a +0 short sword.
* * * LOW HITPOINT WARNING * * *
The hobgoblin barely misses you.
Unknown command.
The hobgoblin barely misses you. You furiously retaliate!
You headbutt the hobgoblin!
You kill the hobgoblin!
The kobold hits you with a +0 short sword.
* * * LOW HITPOINT WARNING * * *
The hobgoblin barely misses you. The kobold completely misses you.
The hobgoblin closely misses you.
Unknown command.
The kobold completely misses you. You furiously retaliate!
You headbutt the kobold.
The hobgoblin hits you but does no damage.
Unknown command.
You block the kobold's attack.
Unknown command.
The hobgoblin closely misses you. You block the kobold's attack.
Unknown command.
The hobgoblin hits you but does no damage.
You block the kobold's attack.
Unknown command.
You block the hobgoblin's attack.
The kobold hits you with a +0 short sword.
* * * LOW HITPOINT WARNING * * *
You block the hobgoblin's attack. The kobold hits you but does no damage.
The kobold hits you with a +0 short sword.
You die...

#....#########.
+....'.......'.
#.)..#########.
#....##########
##########..............
........................
..........###...........
......†...# #...........
......)@..# #..........)
......Kg..# ##....######
..........# ....#
.......[..# ...# ###
..........# #..
..........# #.#
..........# ###'#
..........# #.... #....


You could see a hobgoblin and a kobold.

Vanquished Creatures
  A dart slug (D:1)
  2 leopard geckos (D:1)
  2 goblins (D:1)
  3 hobgoblins (D:1)
  A bat (D:1)
  A frilled lizard (D:1)
  A rat (D:1)
11 creatures vanquished.

Notes
Turn   | Place    | Note
-------+----------+-------------------------------------------
     0 | D:1      | MrTaco21 the Minotaur Fighter began the quest for the Orb.
     0 | D:1      | Reached XP level 1. HP: 19/19 MP: 0/0
   258 | D:1      | Reached XP level 2. HP: 17/27 MP: 1/1
   536 | D:1      | Slain by a kobold

Levels and vault maps discovered:
D:1:      dpeg_arrival_erosion, layout_basic

Action                   || total
-------------------------++-------
Melee: Trident           ||     2
Armor: Scale mail        ||    54
Dodge: Dodged            ||    50
Block: Shield            ||    63

Table legend:
 A = Non-vault XP
 B = Vault XP
 C = Vault XP percentage of total XP
 D = Non-vault monster count
 E = Vault monster count
 F = Vault count percentage of total count
                 A         B        C        D         E       F
            +---------+---------+-------+---------+---------+-------
      Total |      23 |       0 |   0.0 |      11 |       0 |   0.0
            +---------+---------+-------+---------+---------+-------
        D:1 |      23 |       0 |   0.0 |      11 |       0 |   0.0
            +---------+---------+-------+---------+---------+-------
